 Dungeon Crawl Stone Soup version 0.30.1-9-gdf580d7c3d (webtiles) character file.

Game seed: 12521489081930500074

14717 Ivernyr the Protected (level 12, -3/97 HPs)
             Began as a Formicid Fighter on Oct 16, 2023.
             Was a Believer of Wu Jian.
             Slain by a five-headed hydra (14 damage)
             ... on level 2 of the Lair of Beasts on Oct 17, 2023.
             The game lasted 00:26:33 (11497 turns).

Ivernyr the Protected (Formicid Fighter)           Turns: 11497, Time: 00:26:35

Health: -3/97      AC: 20    Str: 32    XL:     12   Next: 48%
Magic:  12/12      EV:  9    Int:  6    God:    Wu Jian [**....]
Gold:   620        SH:  0    Dex: 13    Spells: 11/11 levels left

rFire   . . .        f - +5 quarterstaff (chaos)
rCold   + + .        s - +3 tower shield {rC+}
rNeg    . . .        b - +1 ring mail {Will+}
rPois   .            (helmet unavailable)
rElec   .            r - +1 cloak
rCorr   .            i - +2 pair of gloves
SInv    +            m - +0 pair of boots
Will    +++..        H - amulet of Banowi {rC+ Will+ Regen+ Int-2} Stlth
                     K - +6 ring of strength
HPRegen 1.16/turn    I - +4 ring of protection
MPRegen 0.13/turn

%: no passive effects
@: confused, ambrosia-drunk
A: permanent stasis, dig shafts and tunnels, antennae 3, four strong arms
a: Dig, Shaft Self, Renounce Religion, Wall Jump


You were on level 2 of the Lair of Beasts.
You worshipped Wu Jian.
Wu Jian was pleased with you.
You visited 3 branches of the dungeon, and saw 13 of its levels.

You collected 620 gold pieces.

Inventory:

Hand Weapons
 f - a +5 quarterstaff of chaos (weapon)
Missiles
 y - 2 throwing nets
Armour
 b - a +1 ring mail of willpower (worn)
 i - a +2 pair of gloves (worn)
 m - a +0 pair of boots (worn)
 r - a +1 cloak (worn)
 s - a +3 tower shield of cold resistance (worn)
Jewellery
 g - a ring of willpower
 E - a ring of willpower
 H - the amulet of Banowi (around neck) {rC+ Will+ Regen+ Int-2}
   (You found it on level 9 of the Dungeon)

   [amulet of regeneration]

   Int:       It affects your intelligence (-2).
   rC:        It protects you from cold.
   Regen:     It increases your rate of health regeneration.
   Will:      It increases your willpower.
 I - a +4 ring of protection (right hand)
 K - a +6 ring of strength (left hand)
Wands
 u - a wand of flame (31)
 G - a wand of acid (9)
Scrolls
 c - a scroll of brand weapon
 h - 6 scrolls of teleportation
 k - 3 scrolls of poison
 p - 2 scrolls of magic mapping
 q - 3 scrolls of vulnerability {unknown}
 v - a scroll of enchant weapon
 w - 2 scrolls of fear
 J - a scroll of acquirement {unknown}
 L - a scroll of identify
Potions
 a - 3 potions of lignification {unknown}
 d - a potion of might
 e - 6 potions of curing {unknown}
 j - 7 potions of heal wounds {unknown}
 l - 2 potions of flight {unknown}
 n - 3 potions of mutation {unknown}
 o - a potion of attraction {unknown}
 t - 2 potions of brilliance {unknown}
 x - a potion of degeneration {unknown}
 z - 2 potions of invisibility {unknown}
 A - a potion of haste {unknown}
 B - a potion of magic {unknown}
 C - a potion of berserk rage {unknown}
 D - 9 potions of ambrosia
 F - 3 potions of cancellation {unknown}


   Skills:
 + Level 10.2 Fighting
 * Level 10.4 Staves
 + Level 12.7 Armour
 + Level 12.0 Shields


You had 11 spell levels left.
You didn't know any spells.
Your spell library contained the following spells:

 Spells                   Type           Power      Damage    Failure   Level
 Magic Dart               Conj           0%         1d3       83%         1
 Lesser Beckoning         Tloc           0%         N/A       93%         2
 Momentum Strike          Conj/Tloc      0%         3d8       93%         2
 Searing Ray              Conj           0%         2d4       93%         2
 Sublimation of Blood     Necr           0%         N/A       93%         2
 Wereblood                Tmut           0%         N/A       93%         2
 Dazzling Flash           Conj/Hex       0%         N/A       99%         3
 Frozen Ramparts          Ice            0%         1d1       99%         3
 Gell's Gravitas          Tloc           0%         N/A       99%         3
 Stone Arrow              Conj/Erth      0%         3d7       99%         3
 Teleport Other           Tloc           0%         N/A       99%         3
 Animate Armour           Summ/Erth      0%         N/A       100%        4
 Cause Fear               Hex            0%         N/A       100%        4
 Fulminant Prism          Conj/Hex       0%         3d5       100%        4
 Ice Form                 Ice/Tmut       0%         N/A       100%        4
 Summon Ice Beast         Ice/Summ       0%         N/A       100%        4
 Agony                    Necr           0%         N/A       100%        5
 Arcjolt                  Conj/Air       0%         1d10      100%        5
 Silence                  Hex/Air        0%         N/A       100%        5
 Plasma Beam              Fire/Air       0%         2x1d11    100%        6
 Dragon Form              Tmut           0%         N/A       100%        7
 Summon Hydra             Summ           0%         N/A       100%        7
 Lehudib's Crystal Spear  Conj/Erth      0%         10d2      100%        8
 Dragon's Call            Summ           0%         N/A       100%        9
 Blink                    Tloc           Unusable   N/A       N/A         2
 Vhi's Electric Charge    Tloc/Air       Unusable   N/A       N/A         3

Dungeon Overview and Level Annotations

Branches:
Dungeon (10/15)            Temple (1/1) D:5            Lair (2/5) D:10
  Swamp: Lair:2-3    Shoals: Lair:2-3     Snake: Lair:2-3    Spider: Lair:2-3
    Orc: D:9-12

Altars:
Ashenzari
Cheibriados
Dithmenos
Elyvilon
Fedhas
Gozag
Hepliaklqana
Kikubaaqudgha
Makhleb
Nemelex Xobeh
Okawaru
Qazlal
Ru
Sif Muna
Trog
Uskayaw
Vehumet
Wu Jian
Xom
Yredelemnul
Zin
The Shining One

Shops:
D:2 [

Annotations:
D:9 1 runed translucent door, Madon's ghost, novice FeSu
Lair:1 2 transporters, exclusion: oklob plant, baghtru's ghost, journeyman HOFi


Innate Abilities, Weirdness & Mutations

You cannot be hasted, slowed, berserked, paralysed or teleported.
You can dig through walls and to a lower floor.
You have a pair of large antennae on your head. (SInv)
Your four strong arms can wield two-handed weapons with a shield.


Message History

Where to? (Enter - Lair:1, ? - help)
What level of the Lair of Beasts? (default 1, ? - help)
There is a stone staircase leading down here.
You climb downwards.
Found a dark potion and a sapphire ring.
There is a stone staircase leading up here.
A five-headed hydra comes into view.
A five-headed hydra is nearby!
You see here a ring of flight.
You lunge at the five-headed hydra.
You bludgeon the five-headed hydra!!
The five-headed hydra goes berserk!
The five-headed hydra is moderately wounded.
The five-headed hydra bites you.
You block the five-headed hydra's attack.
The five-headed hydra bites you. The five-headed hydra bites you! x2
The five-headed hydra attacks as you move away!
The five-headed hydra bites you but does no damage.
The five-headed hydra bites you! x2
You block the five-headed hydra's attack. x2
The five-headed hydra rages.
The five-headed hydra closely misses you.
The five-headed hydra bites you but does no damage.
The five-headed hydra bites you!
* * * LOW HITPOINT WARNING * * *
The five-headed hydra bites you!
* * * LOW HITPOINT WARNING * * *
The five-headed hydra bites you.
* * * LOW HITPOINT WARNING * * *
Okay, then.
You can't see any enemies this would affect, really read the scroll of fear?
Okay, then.
Unknown command.
Okay, then.
You are confused.
You feel invigorated.
The five-headed hydra barely misses you.
The five-headed hydra bites you!
* * * LOW HITPOINT WARNING * * *
The five-headed hydra bites you!
You die...

P##############
...............
#.#...........
#............
#........... #
##...........
#.###...D...P##..
........@=#......
!................
..........^.#.P..
.#..............
#....<.........
##.............
#........P##P.#
#.#.......## ###
...........#


You could see a five-headed hydra (berserk).

Vanquished Creatures
  A two-headed ogre (D:10)
  Pikel (D:7)
  A cyclops (D:6)
  3 black mambas (Lair:1)
  A cane toad (Lair:1)
  4 komodo dragons (Lair:1)
  A queen bee (Lair:1)
  2 hornets
  Grinder (D:5)
  2 polar bears (Lair:1)
  24 yaks
  A wraith (D:5)
  3 slime creatures (D:10)
  Eustachio (D:4)
  A basilisk (Lair:1)
  2 vampire mosquitoes
  3 steam dragons
  The ghost of H0rd4k the Charlatan, an amateur HuAr (D:4)
  Menkaure (D:4)
  2 acid dragons
  A water moccasin (D:6)
  Duvessa (D:5)
  A black bear (D:6)
  An orc warrior (D:7)
  2 ogres
  5 centaurs
  4 lemures
  2 kobold brigands (D:8)
  4 bullfrogs
  2 gnoll sergeants
  4 scorpions
  A wight (D:8)
  Dowan (D:5)
  25 killer bees (Lair:1)
  5 howler monkeys
  An electric eel (Lair:1)
  2 bullfrog zombies (D:5)
  2 hounds (D:5)
  2 jellies
  Crazy Yiuf (D:7)
  An orc priest (D:6)
  A sleepcap (D:5)
  A bullfrog skeleton (D:5)
  An iguana (D:5)
  5 hell rats (Lair:1)
  Natasha (thrice) (D:2)
  12 orc wizards
  A scorpion zombie (D:5)
  A hound skeleton (D:5)
  Robin (D:4)
  18 gnolls
  7 adders
  2 white imps
  2 ufetubi (D:5)
  A worm (D:2)
  3 dart slugs
  27 orcs
  9 bats
  6 endoplasms
  2 giant cockroaches (D:1)
  15 hobgoblins
  22 kobolds
  4 quokkas
  12 ball pythons
  3 frilled lizards
  17 goblins
  5 rats
305 creatures vanquished.

Vanquished Creatures (others)
  A scorpion (D:7)
1 creature vanquished.

Grand Total: 306 creatures vanquished

Notes
Turn   | Place    | Note
-------+----------+-------------------------------------------
     0 | D:1      | Ivernyr the Formicid Fighter began the quest for the Orb.
     0 | D:1      | Reached XP level 1. HP: 18/18 MP: 1/1
    30 | D:1      | Found a faded altar of an unknown god.
    75 | D:1      | Reached XP level 2. HP: 11/24 MP: 2/2
   213 | D:1      | Reached XP level 3. HP: 29/29 MP: 3/3
   385 | D:1      | You fall into a shaft and drop 1 floor!
   570 | D:1      | Reached XP level 4. HP: 36/37 MP: 4/4
   929 | D:2      | Noticed Natasha
   938 | D:2      | Killed Natasha
   939 | D:2      | Reached XP level 5. HP: 36/42 MP: 5/5
  1117 | D:2      | Noticed Natasha
  1123 | D:2      | Killed Natasha
  1321 | D:2      | Found Wyimiyh's Armour Emporium.
  1331 | D:2      | Reached skill level 5 in Shields
  1572 | D:2      | Noticed Natasha
  1582 | D:2      | Killed Natasha
  1787 | D:3      | Reached XP level 6. HP: 44/48 MP: 6/6
  1919 | D:3      | Reached skill level 5 in Armour
  2335 | D:4      | Found the +5 Force Lance {heavy, knockback}
  2337 | D:4      | Noticed an ogre
  2345 | D:4      | Killed an ogre
  2714 | D:4      | Found a large runed translucent door.
  2714 | D:4      | Found a large runed translucent door.
  2721 | D:4      | Noticed H0rd4k's ghost (amateur HuAr)
  2786 | D:4      | Found an opulent altar of Gozag.
  2869 | D:4      | Found a basalt altar of Yredelemnul.
  2880 | D:4      | Found a sparkling altar of Nemelex Xobeh.
  2892 | D:4      | Found a hazy altar of Hepliaklqana.
  3020 | D:4      | Noticed Eustachio
  3045 | D:4      | Killed Eustachio
  3046 | D:4      | Reached XP level 7. HP: 19/55 MP: 7/7
  3228 | D:4      | Noticed Robin
  3245 | D:4      | Killed Robin
  3286 | D:4      | Found a shimmering blue altar of Sif Muna.
  3431 | D:4      | Noticed Menkaure
  3480 | D:4      | Killed Menkaure
  3481 | D:4      | Reached skill level 5 in Fighting
  3575 | D:4      | Reached XP level 8. HP: 62/62 MP: 8/8
  3705 | D:4      | Found a glowing golden altar of the Shining One.
  3928 | D:4      | Killed H0rd4k's ghost
  3994 | D:5      | Entered Level 5 of the Dungeon
  3994 | D:5      | Noticed a wraith
  4003 | D:5      | Killed a wraith
  4057 | D:5      | Found a snail-covered altar of Cheibriados.
  4177 | D:5      | Noticed Grinder
  4183 | D:5      | Killed Grinder
  4192 | D:5      | Reached XP level 9. HP: 51/69 MP: 9/9
  4268 | D:5      | Reached skill level 5 in Staves
  4271 | D:5      | Noticed Duvessa
  4273 | D:5      | Noticed Dowan
  4282 | D:5      | Killed Duvessa
  4301 | D:5      | Killed Dowan
  4422 | D:5      | Found a staircase to the Ecumenical Temple.
  4467 | Temple   | Entered the Ecumenical Temple
  4633 | D:5      | Found a broken altar of Ashenzari.
  4982 | D:6      | Noticed a cyclops
  4991 | D:6      | Killed a cyclops
  5715 | D:6      | Reached XP level 10. HP: 79/79 MP: 10/10
  6060 | D:6      | Reached skill level 10 in Armour
  6393 | D:7      | Found a blossoming altar of Fedhas.
  6394 | D:7      | Found an ancient bone altar of Kikubaaqudgha.
  6431 | D:7      | Noticed Pikel
  6439 | D:7      | Killed Pikel
  6449 | D:7      | Identified the +6 demon whip "Ivernyr's Curse" {heavy,
                  | SInv}
  6697 | D:7      | Found a runed translucent door.
  6698 | D:7      | Noticed Crazy Yiuf
  6841 | D:7      | Killed Crazy Yiuf
  6975 | D:7      | You fall into a shaft and drop 2 floors!
  7165 | D:9      | Identified the amulet of Banowi {rC+ Will+ Regen+ Int-2}
  7376 | D:9      | Reached skill level 10 in Shields
  7376 | D:9      | Reached XP level 11. HP: 53/87 MP: 11/11
  7491 | D:9      | Found a glowing silver altar of Zin.
  7944 | D:8      | Found a stormy altar of Qazlal.
  8104 | D:8      | Found an ornate altar of the Wu Jian Council.
  8161 | D:8      | Became a worshipper of the Wu Jian Council
  8504 | D:9      | Found a runed translucent door.
  8504 | D:9      | Found a shimmering altar of Xom.
  8504 | D:9      | Noticed Madon's ghost (novice FeSu)
  8505 | D:9      | Noticed a +0 war axe of chaos
  8806 | D:9      | Identified the +6 sling "Iticat" {heavy, rC++ Int+5 Dex-2}
  9347 | D:10     | Entered Level 10 of the Dungeon
  9448 | D:10     | Noticed a manticore
  9449 | D:10     | Noticed a two-headed ogre
  9688 | D:10     | Killed a two-headed ogre
 10142 | D:10     | Found a staircase to the Lair.
 10319 | D:10     | Found a radiant altar of Vehumet.
 10396 | Lair:1   | Entered Level 1 of the Lair of Beasts
 10586 | Lair:1   | Reached * piety under Wu Jian
 10586 | Lair:1   | Noticed baghtru's ghost (journeyman HOFi)
 10641 | Lair:1   | Reached XP level 12. HP: 96/96 MP: 12/12
 10842 | Lair:1   | Found a transporter.
 10847 | Lair:1   | Found a transporter.
 11198 | Lair:1   | Reached skill level 10 in Fighting
 11198 | Lair:1   | Reached skill level 10 in Staves
 11280 | Lair:1   | Reached ** piety under Wu Jian
 11492 | Lair:2   | Noticed a five-headed hydra
 11497 | Lair:2   | Slain by a five-headed hydra

Illustrated notes

Levels and vault maps discovered:
D:1:      saegor_arrival_under_anarchy, layout_basic,
          hellmonk_ecumenical_altar_lost_god, serial_park_tiny_pond
D:2:      layout_loops_ring, serial_shops, nicolae_shop_peninsula, uniq_natasha
D:3:      layout_loops_cross, kennysheep_generic_room_2
D:4:      layout_loops_corners, nicolae_overflow_quartered_altars, tso_altar,
          kennysheep_orc_sif_temple, ebering_ghost_disaster_area,
          uniq_eustachio, uniq_menkaure, uniq_robin
D:5:      layout_rooms, cheibriados_altar_1, nicolae_overflow_crystal_walls,
          minmay_temple_entry_glass, serial_undead, serial_undead_f,
          serial_undead_c, serial_undead_c, serial_undead_d, serial_undead_d,
          nrook_mini_vaults, uniq_grinder, uniq_duvessa
D:6:      layout_loops_ring
D:7:      layout_basic, grunt_temple_overflow_growth_and_decay,
          uniq_crazy_yiuf_cottage, uniq_pikel
D:8:      layout_gridville, nicolae_wu_jian_immortal_techniques,
          mainiacjoe_overflow_catwalk, st_stairs_8
D:9:      layout_loops_ring, overflow_temple_1_default, ebering_ghost_xom
D:10:     nicolae_cairo_tiling_very_big, layout_basic, kennysheep_mini_moat,
          lair_entry_dummy
Temple:   hellmonk_temple_flake
Lair:1:   layout_roguey [special_room_bee], gammafunk_ghost_hive,
          lemuel_fruit_tree, serial_bayou_shore_a
Lair:2:   layout_chaotic_city, columned_hall_lemuel,
          chequers_serial_rivers_small_b, uniq_fannar

Skill      XL: |  1  2  3  4  5  6  7  8  9 10 11 12 |
---------------+-------------------------------------+-----
Armour         | 4 6 7 9 11 12 | 12.7
Fighting       | 4 5 6 7 8 9 10 | 10.2
Shields        | 5 6 7 8 10 11 12 | 12.0
Staves         | 3 4 6 7 9 10 | 10.4

Action                     |  1- 3 |  4- 6 |  7- 9 | 10-12 || total
---------------------------+-------+-------+-------+-------++-------
  Melee: Quarterstaff      |    74 |   138 |       |   543 ||   755
         Lance             |       |    37 |   193 |    67 ||   297
         Demon whip        |       |       |       |     3 ||     3
Ability: Dig               |       |       |       |     1 ||     1
         Shaft Self        |       |       |       |     1 ||     1
         Lunge             |       |       |       |    10 ||    10
    Use: Scroll            |       |       |       |     9 ||     9
         Potion            |       |       |       |     1 ||     1
   Stab: Petrified         |       |       |       |     5 ||     5
         Confused          |       |       |       |     2 ||     2
         Petrifying        |       |       |       |     2 ||     2
 Armour: Scale mail        |    41 |   114 |    91 |       ||   246
         Ring mail         |       |       |    26 |   185 ||   211
  Dodge: Dodged            |    45 |    90 |    59 |   130 ||   324
  Block: Buckler           |    12 |    32 |       |       ||    44
         Tower shield      |       |    64 |   244 |   622 ||   930
